Map: Simulacrum LE

Players

Hollow - Winner!

  • Race: Zerg Zerg
  • League: Master
  • Spawn Location: 5:00

IAMCANADIAN

  • Race: Protoss Protoss
  • League: Diamond
  • Spawn Location: 11:00

VOD

Have the link to the VOD?

Description

Time

  • Played on: Dec. 3, 2019, 6:13 p.m.
  • Length: 12:30
Show
View Real Time Build Order
Export as new Build Order

Hollow Zerg - Winner!

Build Orders: Hatch First 

Get SALT Encoding   

  12  0:01  Drone  
  13  0:12  Overlord  
  13  0:20  Drone  
  14  0:32  Drone  
  14  0:33  Drone  
  16  0:50  Hatchery  
  16  0:53  Drone  
  16  0:57  Drone  
  16  0:59  Drone  
  18  1:13  Drone  
  18  1:18  Spawning Pool  
  18  1:19  Drone  
  19  1:43  Hatchery  
  18  1:48  Drone x2  
  18  1:53  Drone  
  21  2:05  Queen  
  21  2:07  Queen  
  25  2:11  Drone  
  25  2:13  Drone  
  27  2:18  Zergling x2  
  28  2:25  Overlord  
  28  2:32  Overlord  
  28  2:46  Zergling x4  
  28  2:48  Queen  
  28  2:49  Queen  
  34  2:55  Drone x4  
  38  3:02  Extractor  
  38  3:04  Extractor  
  36  3:07  Drone  
  36  3:08  Drone x2  
  36  3:09  Queen  
  41  3:18  Drone  
  41  3:19  Drone x3  
  45  3:33  Drone x4  
  45  3:34  Drone  
  50  3:52  Lair  
  50  3:55  Drone, Roach Warren  
  50  3:57  Extractor, Drone  
  50  3:59  Overlord  
  50  4:00  Overlord  
  50  4:07  Overlord  
  50  4:08  Overlord  
  50  4:14  Metabolic Boost  
  50  4:16  Overlord  
  50  4:17  Queen  
  50  4:19  Overlord  
  52  4:26  Overlord x2  
  52  4:39  Roach  
  52  4:40  Roach x4  
  52  4:41  Roach  
  52  4:43  Roach  
  66  4:46  Roach  
  66  4:51  Roach  
  66  4:52  Roach  
  72  5:01  Overseer  
  72  5:15  Zergling x20  
  80  5:28  Extractor  
  80  5:29  Drone x2  
  81  5:40  Spire, Drone x3  
  83  5:43  Drone x3  
  86  6:07  Extractor, Zergling x26  
  86  6:08  Extractor  
  86  6:09  Overseer  
  97  6:16  Glial Reconstitution  
  97  6:37  Overlord x2  
  97  6:55  Mutalisk x3  
  97  6:56  Mutalisk x2  
  107  7:03  Mutalisk  
  109  7:14  Mutalisk  
  111  7:32  Mutalisk x2  
  114  7:43  Mutalisk  
  112  7:47  Drone  
  113  7:55  Zerg Flyer Weapons Level 1  
  113  8:05  Overlord x2  
  113  8:11  Hatchery  
  112  8:12  Overlord  
  112  8:13  Spore Crawler  
  112  8:14  Spore Crawler  
  112  8:15  Overlord x3  
  112  8:16  Overlord  
  110  8:26  Hatchery  
  101  8:28  Mutalisk x5  
  105  8:42  Mutalisk  
  105  8:43  Mutalisk  
  102  8:56  Mutalisk  
  96  9:10  Mutalisk  
  96  9:11  Roach  
  84  9:29  Mutalisk  
  33  9:59  Drone x2  
  27  10:02  Roach  
  25  10:07  Spawning Pool  
  24  10:21  Drone  
  24  10:22  Drone x2  
  24  10:24  Roach  
  24  10:25  Roach x3  
  35  10:34  Roach  
  34  10:53  Drone  
  35  10:57  Zergling x2  
  36  11:16  Drone  
  35  11:25  Zergling x2  
  35  11:40  Zergling x2  
  36  11:59  Zergling x2  
Show
View Real Time Build Order
Export as new Build Order

IAMCANADIAN Protoss 

Build Orders: 1 Gate Expand, Colossus Rush 

Get SALT Encoding   

  12  0:01  Probe  
  13  0:13  Probe  
  14  0:20  Pylon  
  14  0:25  Probe (Chrono Boost)  
  15  0:40  Probe (Chrono Boost)  
  15  0:41  Gateway  
  16  0:45  Probe (Chrono Boost)  
  16  0:49  Assimilator  
  17  0:56  Probe  
  18  1:08  Probe  
  19  1:21  Probe  
  20  1:27  Nexus  
  20  1:37  Cybernetics Core  
  20  1:39  Probe  
  21  1:45  Assimilator  
  21  1:51  Pylon  
  21  1:55  Probe  
  22  2:07  Probe  
  23  2:11  Adept (Chrono Boost)  
  25  2:18  Warp Gate  
  25  2:19  Probe  
  26  2:26  Robotics Facility  
  26  2:32  Probe (Chrono Boost)  
  27  2:37  Stalker  
  27  2:43  Probe (Chrono Boost)  
  31  2:49  Probe (Chrono Boost)  
  31  2:50  Probe (Chrono Boost)  
  32  2:55  Probe  
  32  2:57  Probe  
  33  3:01  Robotics Facility  
  34  3:07  Probe  
  34  3:09  Probe  
  36  3:19  Robotics Bay, Probe  
  37  3:22  Probe  
  37  3:26  Warp Prism  
  40  3:32  Assimilator  
  40  3:35  Probe, Assimilator  
  43  3:49  Pylon  
  43  3:51  Probe  
  43  3:52  Probe  
  43  4:03  Probe  
  43  4:07  Disruptor x2  
  50  4:15  Pylon  
  50  4:16  Gateway  
  50  4:18  Probe  
  50  4:19  Gateway  
  50  4:21  Probe  
  52  4:27  Pylon  
  52  4:31  Gateway  
  52  4:33  Probe  
  53  4:38  Gateway  
  53  4:50  Colossus  
  59  4:57  Probe x2  
  61  5:04  Colossus  
  67  5:10  Pylon  
  67  5:22  Probe  
  67  5:23  Probe  
  69  5:29  Pylon  
  69  5:31  Gateway  
  69  5:33  Gateway  
  69  5:36  Pylon  
  69  5:44  Colossus  
  75  5:58  Colossus  
  75  5:59  Stalker x2  
  85  6:04  Stalker  
  85  6:07  Stalker  
  89  6:12  Stalker  
  89  6:16  Pylon  
  91  6:19  Pylon  
  93  6:50  Stalker x7  
  105  6:55  Disruptor  
  108  7:09  Shield Battery  
  108  7:14  Stalker  
  110  7:18  Pylon  
  110  7:19  Pylon  
  108  7:26  Stalker  
  110  7:36  Disruptor  
  105  7:56  Stalker x2  
  105  7:57  Stalker x5  
  114  8:05  Immortal  
  122  8:24  Zealot x2  
  119  8:36  Zealot x4  
  98  9:02  Zealot x6  
  40  9:46  Zealot x2  
  40  9:47  Zealot  
Tags
 
Add a new tag
Caveats
  • Supply blocks, unpowered buildings, or Contaminate may cause inaccurate times.
  • Supply counts are checked every 10 seconds.